[Event "Early-Titled-Tuesday-Blitz-January-30-2024"]
[Site "Chess.com"]
[Date "2024.01.30"]
[Round "4"]
[White "atalz0"]
[Black "Pastore1978"]
[Result "1-0"]
[WhiteElo "2468"]
[BlackElo "2285"]
[TimeControl "180+1"]
[EndTime "8:40:38 PST"]
[Termination "atalz0 won by resignation"]

1. d4 d5 2. c4 e6 3. Nc3 Nf6 4. cxd5 exd5 5. Bg5 c6 6. e3 h6 7. Bh4 Be7 8. Bd3 O-O 9. Nge2 Re8 10.
O-O a5 11. Rc1 Nbd7 12. Qc2 b5 13. a4 b4 14. Nb1 Qb6 15. Qxc6 Bb7 16. Qxb6 Nxb6 17.
b3 Ne4 18. Bxe7 Rxe7 19. Ng3 Nd6 20. Rc2 g6 21. Rfc1 Rc8 22. Rxc8+ Nbxc8 23. Rc5 Kg7 24. Rxa5 Rc7 25. Rc5 Rxc5 26. dxc5 Ne4 27. Nxe4 dxe4 28. Bc4 Kf6 29. Kf1 Ke7 30. Ke2 f6 31. Nd2 Kd7 32.
Bb5+ Ke6 33. c6 Ba8 34. Nxe4 Na7 35. Nc5+ Kd6 36. Nd3 Bxc6 37. Bc4 Bxg2 38. Nxb4 g5 39. f3 Bh3 40. Nd3 Bd7 41. e4 h5 42. Ke3 h4 43. Nf2 Nc6 44. Bb5 Na5 45. Bxd7 Kxd7 46. b4 Nb3 47. Ng4 Ke6 48. a5 Nc1 49. a6 1-0

[Event "Early-Titled-Tuesday-Blitz-January-30-2024"]
[Site "Chess.com"]
[Date "2024.01.30"]
[Round "4"]
[White "bardiya_Daneshvar"]
[Black "hakanazeri2"]
[Result "0-1"]
[WhiteElo "2917"]
[BlackElo "2616"]
[TimeControl "180+1"]
[EndTime "8:40:39 PST"]
[Termination "hakanazeri2 won by checkmate"]

1. b3 c5 2. Bb2 Nc6 3. Nf3 Nf6 4. e3 g6 5. Bxf6 exf6 6. c4 f5 7. Nc3 Bg7 8. Be2 O-O 9. O-O Ne7 10. Rc1 d5 11. cxd5 Nxd5 12. Nxd5 Qxd5 13. d4 cxd4 14. Nxd4 Bxd4 15. Qxd4 Qxd4 16. exd4 Rd8 17. Rfd1 Be6 18.
Bf3 Bd5 19. Rc7 b6 20. Kf1 a5 21. Bxd5 Rxd5 22. Rc6 Ra6 23. a4 Kg7 24. Ke2 Rd7 25. d5 Kf8 26. Ke3 Ke7 27. Kd4 Rd6 28. Rc7+ Kf6 29. Rdc1 Ra8 30. R1c6 Rd8 31. f4 h6 32. h4 g5 33. hxg5+ hxg5 34. fxg5+ Kxg5 35. Ke5 Rxd5# 0-1

[Event "Early-Titled-Tuesday-Blitz-January-30-2024"]
[Site "Chess.com"]
[Date "2024.01.30"]
[Round "4"]
[White "Msb2"]
[Black "ukchessbomber"]
[Result "1-0"]
[WhiteElo "3018"]
[BlackElo "2628"]
[TimeControl "180+1"]
[EndTime "8:40:39 PST"]
[Termination "Msb2 won by resignation"]

1. d4 a6 2. c4 b6 3. Nc3 Bb7 4. e4 e6 5. Bd3 d6 6. f4 Nd7 7. Nf3 g6 8. O-O Bg7 9. Be3 Ne7 10. Qd2 O-O 11. Rad1 c5 12. d5 b5 13. dxe6 fxe6 14. cxb5 d5 15. exd5 exd5 16. bxa6 Bc6 17. Bf2 d4 18. Ne4 Nd5 19. Bc4 Nb6 20. Bxd5+ Qxd5 21. Nxc5 Qxc5 22. Bxd4 Bxd4+ 23. Qxd4 Qxd4+ 24. Nxd4 Bd5 25.
b3 Rxa6 26. a4 Bf7 27. f5 Nd5 28. Rd3 gxf5 29. Nxf5 Rf6 30. Rxd5 Bxd5 31. Ne7+ Kf7 32. Rxf6+ Kxf6 33. Nxd5+ Ke5 34. Nb6 Kd6 35. h3 Kc6 36.
Nc4 Rb8 37. Kf2 Kc5 38. Nd2 Re8 39. Kf3 Kd4 40. a5 Kc3 41. Ne4+ Kxb3 42. g4 Kc4 43.
Nd6+ 1-0

[Event "Early-Titled-Tuesday-Blitz-January-30-2024"]
[Site "Chess.com"]
[Date "2024.01.30"]
[Round "4"]
[White "Crazy_girl99"]
[Black "ContrVersia"]
[Result "1-0"]
[WhiteElo "2622"]
[BlackElo "2838"]
[TimeControl "180+1"]
[EndTime "8:40:39 PST"]
[Termination "Crazy_girl99 won on time"]

1. e4 c5 2. Nf3 a6 3. a4 Nc6 4.
c4 g6 5. d4 cxd4 6. Nxd4 Bg7 7. Be3 Qa5+ 8. Nc3 Nf6 9. Bd3 Nxd4 10. Bxd4 d6 11. O-O Be6 12. Rc1 O-O 13. b3 Rfc8 14.
h3 Nd7 15. Bxg7 Kxg7 16. Nd5 Bxd5 17. exd5 Re8 18. Re1 Qb4 19. Re3 a5 20. Bc2 Qc5 21.
Qd2 b6 22. Rce1 Kf8 23. Qc3 Nf6 24. g4 h6 25. Kg2 Ra7 26. h4 Qc8 27. f3 Rc7 28. g5 hxg5 29. hxg5 Ng8 30. Rh1 e5 31. dxe6 Rxe6 32. Rh8 Rxe3 33. Qxe3 Qd8 34. f4 d5 35. Bd3 d4 36. Qh3 Ke7 37. Qh7 Rc8 38. Bxg6 Qf8 39.
Bf5 Rd8 40. g6 Kd6 41. Qxf7 1-0

[Event "Early-Titled-Tuesday-Blitz-January-30-2024"]
[Site "Chess.com"]
[Date "2024.01.30"]
[Round "4"]
[White "Imagine_Drag0n"]
[Black "BlackGod93"]
[Result "1-0"]
[WhiteElo "2777"]
[BlackElo "2564"]
[TimeControl "180+1"]
[EndTime "8:40:39 PST"]
[Termination "Imagine_Drag0n won by resignation"]

1. e4 e5 2. Nf3 Nc6 3. Bc4 Nf6 4. d3 h6 5. c3 d6 6. O-O g5 7. a4 g4 8. Nfd2 h5 9. Re1 Bh6 10. Nf1 Ne7 11. d4 Ng6 12. Ne3 Nxe4 13. Nd5 Nf6 14. Bxh6 Rxh6 15. Qd2 Rh7 16. dxe5 Nxe5 17. Qg5 Nxd5 18.
Qg8+ Kd7 19. Qxh7 Nxc4 20. Qxf7+ Kc6 21. Rd1 Ndb6 22. b4 Ne5 23. b5+ Kc5 24. Qf4 Nxa4 25. Rxa4 Be6 26. Nd2 Kb6 27. Qd4+ c5 28. bxc6+ Kxc6 29. Ne4 Nf7 30. Rxa7 Rxa7 31. Qxa7 Bd5 32. Qa4+ b5 33.
Qa6+ Kc7 34. Rxd5 1-0

[Event "Early-Titled-Tuesday-Blitz-January-30-2024"]
[Site "Chess.com"]
[Date "2024.01.30"]
[Round "4"]
[White "KorolDimitriy75"]
[Black "HATilay"]
[Result "0-1"]
[WhiteElo "2350"]
[BlackElo "2543"]
[TimeControl "180+1"]
[EndTime "8:40:39 PST"]
[Termination "HATilay won by resignation"]

1. d4 Nf6 2. c4 e6 3. Nc3 Bb4 4. Qc2 O-O 5. e4 d5 6. cxd5 exd5 7. e5 Ne4 8. Bd3 c5 9. Ne2 Nc6 10. O-O Bxc3 11. bxc3 f5 12. Ba3 b6 13. f3 Ng5 14.
f4 Ne4 15. Bxe4 fxe4 16. dxc5 Ba6 17. Rf2 Bd3 18. Qd2 Qh4 19. cxb6 Nxe5 20. Bxf8 Rxf8 21. Nd4 Ng4 22. g3 Qh6 23. bxa7 e3 24. Qxd3 exf2+ 25. Kf1 Qxh2 26. Qf3 Qg1+ 27. Ke2 Re8+ 28. Kd3 Re3+ 29.
Qxe3 f1=Q+ 30. Qe2 Qe3+ 31. Kc2 Qfxe2+ 32. Nxe2 Qxe2+ 33.
Kb3 Qa6 34. Re1 Qxa7 35. Re7 Qxe7 0-1

[Event "Early-Titled-Tuesday-Blitz-January-30-2024"]
[Site "Chess.com"]
[Date "2024.01.30"]
[Round "4"]
[White "Korchmar_Vasiliy"]
[Black "sergoy"]
[Result "0-1"]
[WhiteElo "2717"]
[BlackElo "2963"]
[TimeControl "180+1"]
[EndTime "8:40:41 PST"]
[Termination "sergoy won on time"]

1. e4 c5 2. d4 cxd4 3. Qxd4 Nc6 4. Qd3 Nf6 5. Nc3 e6 6. Bf4 d5 7. O-O-O Nb4 8. Qb5+ Bd7 9. Qxb7 Rc8 10. Nb5 Rxc2+ 11. Kb1 Be7 12. Nd6+ Kf8 13. Qxb4 Rc6 14. e5 Ne4 15.
Qe1 g5 16. Nxe4 gxf4 17. Nf6 Rb6 18. Ka1 Ba4 19. Rb1 Bxf6 20. exf6 Qxf6 21. Nf3 Bc2 22. Qe5 Qxe5 23. Nxe5 Bxb1 24. Nd7+ Ke7 25. Nxb6 Bc2 26.
Nc4 dxc4 27. Bxc4 Be4 28. f3 Ba8 29. b4 Rg8 30. Bf1 Rd8 31. Be2 Rd2 32. Re1 Bd5 33.
Kb1 Rxa2 34. Bd3 Rxg2 0-1

[Event "Early-Titled-Tuesday-Blitz-January-30-2024"]
[Site "Chess.com"]
[Date "2024.01.30"]
[Round "4"]
[White "Susal_De_Silva"]
[Black "Slovineanu"]
[Result "1-0"]
[WhiteElo "2746"]
[BlackElo "2436"]
[TimeControl "180+1"]
[EndTime "8:40:41 PST"]
[Termination "Susal_De_Silva won by resignation"]

1. Nf3 d5 2. e3 Nf6 3. b3 e6 4. c4 c5 5. Bb2 Nc6 6. cxd5 exd5 7. Nc3 d4 8. Na4 Be7 9. Rc1 dxe3 10.
fxe3 b6 11. d4 O-O 12. dxc5 Qxd1+ 13. Kxd1 bxc5 14. Nxc5 Rd8+ 15. Ke1 Bf5 16. a3 Rac8 17. b4 a5 18. Ba6 axb4 19. Bxc8 Rxc8 20. Ke2 Bxc5 21. Rxc5 Ne4 22. Rxf5 bxa3 23. Bxa3 Ra8 24. Rc1 g6 25. Rf4 Rxa3 26. Rxe4 Ra2+ 27. Kd3 Na5 28. Rc8+ Kg7 29. Ra8 Ra3+ 30. Kc2 Ra2+ 31. Kb1 Ra3 32. Re5 Rb3+ 33. Kc2 1-0

[Event "Early-Titled-Tuesday-Blitz-January-30-2024"]
[Site "Chess.com"]
[Date "2024.01.30"]
[Round "4"]
[White "Bushonica"]
[Black "familijatop71"]
[Result "0-1"]
[WhiteElo "1804"]
[BlackElo "2258"]
[TimeControl "180+1"]
[EndTime "8:40:41 PST"]
[Termination "familijatop71 won by resignation"]

1. e4 e6 2. d4 d5 3. exd5 exd5 4. Bd3 Nf6 5. Nf3 Bd6 6. c3 O-O 7. O-O Bg4 8. h3 Bh5 9. Bg5 h6 10.
Bh4 Nbd7 11. Nbd2 Bf4 12. Qc2 c6 13. Rae1 Re8 14. Bxf6 Nxf6 15. Ne5 Bxe5 16. dxe5 Ne4 17.
Bxe4 dxe4 18. Nxe4 Rxe5 19. f4 Rd5 20. c4 Rd4 21. g4 Bg6 22. f5 Bh7 23. b3 Qc7 24. Qf2 c5 25. f6 Rxe4 26. fxg7 Rxe1 27. Rxe1 Kxg7 28. Qb2+ Kg8 29. Qf2 Rd8 30. h4 Rd4 31. Re8+ Kg7 32. Qf3 Qd7 33. Re1 Rxg4+ 34. Kf1 Rd4 35.
Kg2 Rd2+ 36. Kg3 Rd3 37. Re3 Rxe3 38. Qxe3 Qd6+ 39. Kg2 Qg6+ 40. Kh3 Qd3 41. Qxd3 Bxd3 0-1

[Event "Early-Titled-Tuesday-Blitz-January-30-2024"]
[Site "Chess.com"]
[Date "2024.01.30"]
[Round "4"]
[White "DreamsAreFake"]
[Black "soloderisas"]
[Result "1-0"]
[WhiteElo "2727"]
[BlackElo "2523"]
[TimeControl "180+1"]
[EndTime "8:40:42 PST"]
[Termination "DreamsAreFake won by resignation"]

1. Nf3 d5 2. g3 Nf6 3. Bg2 Bf5 4. O-O e6 5. d3 Be7 6. c4 c6 7. cxd5 exd5 8. Nc3 O-O 9. Nd4 Bg6 10. e4 dxe4 11.
dxe4 Nfd7 12. f4 Bc5 13. Be3 Nb6 14. Nc2 Bxe3+ 15. Nxe3 f6 16. e5 fxe5 17. f5 Bf7 18. f6 gxf6 19. Qg4+ Kh8 20. Rad1 N8d7 21. Ne4 Bg6 22.
Nc5 Nxc5 23. Rxd8 Raxd8 24. h4 Nd5 25. Nxd5 cxd5 26. h5 Bd3 27. h6 Rg8 28. Qh4 Rg5 29. Rxf6 Rdg8 30. Bxd5 Rxg3+ 31. Kh2 Be4 32. Qxg3 Bxd5 33.
Qxe5 Rg2+ 34. Kh3 1-0

[Event "Early-Titled-Tuesday-Blitz-January-30-2024"]
[Site "Chess.com"]
[Date "2024.01.30"]
[Round "4"]
[White "MFatigue"]
[Black "Hasangatin_Ramil"]
[Result "0-1"]
[WhiteElo "2467"]
[BlackElo "2700"]
[TimeControl "180+1"]
[EndTime "8:40:42 PST"]
[Termination "Hasangatin_Ramil won by resignation"]

1. e4 d5 2. exd5 Qxd5 3. Nc3 Qd6 4. d4 Nf6 5. Nf3 c6 6. Ne5 Nbd7 7. f4 Nb6 8. Be3 g6 9. Be2 Bg7 10. O-O Nbd5 11.
Nxd5 cxd5 12. c4 dxc4 13. Bxc4 O-O 14. Qb3 e6 15. Rad1 Nd5 16. Bc1 Nb6 17. Be2 Bd7 18.
Bf3 Bc6 19. Bxc6 bxc6 20. Nc4 Qd5 21. Nxb6 axb6 22. Qxd5 cxd5 23. a3 Rfc8 24. Rf2 Bxd4 25.
Rxd4 Rxc1+ 26. Rf1 Rac8 27. Rb4 R1c6 28. Rf3 Kg7 29.
Rfb3 Rb8 30. a4 Ra8 31. Kf2 Kf6 32. g4 h5 33. h3 Rc1 34. Rd4 Ra6 35. Rb5 hxg4 36.
hxg4 Rc5 37. Rbb4 Ke7 38. b3 Kd6 39. Rd2 Kc6 40. Ke3 Ra8 41. Rbd4 Rh8 42. f5 e5 43. Rb4 Rh3+ 44. Kf2 Rh2+ 45. Ke1 Rc1+ 0-1

[Event "Early-Titled-Tuesday-Blitz-January-30-2024"]
[Site "Chess.com"]
[Date "2024.01.30"]
[Round "4"]
[White "mary-sanna"]
[Black "Roman_Ovetchkin"]
[Result "0-1"]
[WhiteElo "2203"]
[BlackElo "2643"]
[TimeControl "180+1"]
[EndTime "8:40:42 PST"]
[Termination "Roman_Ovetchkin won on time"]

1. d4 Nf6 2. c4 c5 3. d5 b5 4. Qc2 b4 5. e4 d6 6. Bd3 g6 7. h3 Bg7 8. Nf3 O-O 9. O-O a5 10.
a3 Na6 11. Bg5 h6 12. Bf4 e5 13. dxe6 Bxe6 14. Rd1 Qb6 15. Bf1 Rad8 16. Nbd2 Nd7 17.
Be2 Nab8 18. Nf1 Ne5 19. axb4 axb4 20. Ne3 Nbc6 21. Nd5 Qb7 22. Ra4 Nxf3+ 23. Bxf3 Nd4 24. Qc1 Bxd5 25. exd5 g5 26. Rxd4 Bxd4 27. Be3 Bxe3 28. Qxe3 Rfe8 29. Qd2 Ra8 30. Rxa8 Qxa8 31. Bh5 Qd8 0-1

[Event "Early-Titled-Tuesday-Blitz-January-30-2024"]
[Site "Chess.com"]
[Date "2024.01.30"]
[Round "4"]
[White "Alexchess1984"]
[Black "Tunahan_Makaraci"]
[Result "1-0"]
[WhiteElo "2744"]
[BlackElo "2547"]
[TimeControl "180+1"]
[EndTime "8:40:43 PST"]
[Termination "Alexchess1984 won by checkmate"]

1. e4 c5 2. Nf3 g6 3. d4 cxd4 4.
Qxd4 Nf6 5. Nc3 Nc6 6. Qa4 d6 7. e5 dxe5 8. Nxe5 Bd7 9. Nxd7 Nxd7 10. Be3 Bg7 11. Be2 O-O 12. O-O Bxc3 13. bxc3 Qc7 14. Rfd1 Nb6 15. Qh4 Rfd8 16. c4 Rxd1+ 17. Rxd1 Rd8 18. Rxd8+ Qxd8 19. g3 e5 20. Qh6 Nd4 21.
Bd3 Qc7 22. Bxd4 exd4 23. Qh4 Qd6 24. Qe4 Qd7 25. c5 Na4 26. Qe5 a6 27. Bc4 Nc3 28. Qb8+ Kg7 29. Qe5+ f6 30. Qb8 Ne4 31. Qg8+ Kh6 32.
Qf8+ Qg7 33. Qd8 f5 34. Qh4# 1-0

[Event "Early-Titled-Tuesday-Blitz-January-30-2024"]
[Site "Chess.com"]
[Date "2024.01.30"]
[Round "4"]
[White "profedechess93"]
[Black "andrzej"]
[Result "0-1"]
[WhiteElo "2618"]
[BlackElo "2437"]
[TimeControl "180+1"]
[EndTime "8:40:43 PST"]
[Termination "andrzej won by resignation"]

1. e4 e5 2. Nf3 Nf6 3. d4 Nxe4 4.
dxe5 d5 5. Nbd2 Qd7 6. Bd3 Nc5 7. Be2 Be7 8. Nb3 Ne6 9. Nfd4 c5 10. Nf5 Bf8 11.
Bf3 d4 12. O-O Nc6 13. Re1 g6 14. Nh6 Bxh6 15. Bxh6 Qe7 16. Qd2 c4 17. Bxc6+ bxc6 18. Nxd4 Bb7 19. Nxe6 Qxe6 20. Qb4 O-O-O 21. Be3 Qd5 22.
Bxa7 Rhe8 23. Qc5 Qxc5 24. Bxc5 Rd5 25. Bd6 f6 26. f4 fxe5 27. fxe5 Rd2 28. Rac1 c5 29.
Re3 Rxg2+ 30. Kf1 Rxh2 31. Rce1 Rxc2 32. Rc3 Rxb2 33. Kg1 Rg2+ 34. Kf1 Rxa2 35. Rb1 Rh2 36. Rbc1 Bd5 37. Ra3 Rh1+ 0-1

[Event "Early-Titled-Tuesday-Blitz-January-30-2024"]
[Site "Chess.com"]
[Date "2024.01.30"]
[Round "4"]
[White "Licancabur"]
[Black "hmatyi07"]
[Result "1-0"]
[WhiteElo "2436"]
[BlackElo "2202"]
[TimeControl "180+1"]
[EndTime "8:40:43 PST"]
[Termination "Licancabur won on time"]

1. Nf3 Nf6 2. d4 e6 3. e3 d5 4. Bd3 c6 5. b3 Bd6 6. Bb2 O-O 7.
Qc1 b6 8. O-O Bb7 9. c4 Nbd7 10.
Nc3 c5 11. cxd5 exd5 12. Nb5 Bb8 13. dxc5 bxc5 14. Qc2 Ne4 15. Rfd1 Qe7 16. Nc3 Ndf6 17. Rac1 Ng4 18. Rf1 Nxc3 19. Qxc3 d4 20. Qxc5 Qxc5 21.
Rxc5 Bxf3 22. gxf3 Nxh2 23. Be4 Nxf1 24. Bxa8 Bd6 25.
Rd5 Nd2 26. Rxd6 Rxa8 27. Kg2 dxe3 28. fxe3 1-0

[Event "Early-Titled-Tuesday-Blitz-January-30-2024"]
[Site "Chess.com"]
[Date "2024.01.30"]
[Round "4"]
[White "IlanSchnaider"]
[Black "RCone"]
[Result "1-0"]
[WhiteElo "2657"]
[BlackElo "2413"]
[TimeControl "180+1"]
[EndTime "8:40:44 PST"]
[Termination "IlanSchnaider won by checkmate"]

1. e4 d6 2. d4 g6 3. Nc3 Nf6 4. f4 Bg7 5. Bd3 O-O 6. Nf3 Na6 7. O-O c5 8. d5 Bg4 9. Bxa6 bxa6 10.
h3 Bxf3 11. Qxf3 Rb8 12. Re1 Nd7 13. b3 c4 14. Bb2 Qc7 15. Rac1 Rfc8 16. Kh1 Qa5 17.
Qe3 Rc7 18. Na4 Bxb2 19. Nxb2 cxb3 20. axb3 Qc3 21. Nd3 Rbc8 22. e5 Nc5 23. Kh2 Nxd3 24. cxd3 Qxb3 25. Rxc7 Rxc7 26. Qe4 Qc3 27. Rb1 Kg7 28. Rb8 a5 29. exd6 exd6 30. Qe8 Kh6 31. Qf8+ Qg7 32. Qxd6 f5 33. Qd8 Rd7 34. Qh4# 1-0

[Event "Early-Titled-Tuesday-Blitz-January-30-2024"]
[Site "Chess.com"]
[Date "2024.01.30"]
[Round "4"]
[White "Cheer_Down"]
[Black "GMT4114"]
[Result "1-0"]
[WhiteElo "2465"]
[BlackElo "1937"]
[TimeControl "180+1"]
[EndTime "8:40:45 PST"]
[Termination "Cheer_Down won on time"]

1. e4 e6 2. d4 d5 3. Nc3 Bb4 4. e5 Qd7 5. a3 Bxc3+ 6. bxc3 b6 7. h4 Ba6 8. Bxa6 Nxa6 9. h5 h6 10. Qg4 f5 11. exf6 Nxf6 12. Qe2 Nb8 13. Nf3 Ne4 14.
c4 Nc6 15. cxd5 exd5 16. c4 O-O 17. O-O Rae8 18. Be3 Qg4 19. cxd5 Ne7 20. Qc4 Kh8 21. Ne5 Qxh5 22. Qxc7 Nxd5 23. Qb7 Ndc3 24. Rfe1 Re6 25. Rac1 Ref6 26. Nd3 Rg6 27. Nf4 Qf3 28. Nxg6+ 1-0

[Event "Early-Titled-Tuesday-Blitz-January-30-2024"]
[Site "Chess.com"]
[Date "2024.01.30"]
[Round "4"]
[White "alekroth65"]
[Black "SmirnovAlexandrA"]
[Result "1/2-1/2"]
[WhiteElo "2374"]
[BlackElo "2595"]
[TimeControl "180+1"]
[EndTime "8:40:46 PST"]
[Termination "Game drawn by repetition"]

1. d4 Nf6 2. c4 g6 3. Nc3 Bg7 4. e4 d6 5. f3 O-O 6. Be3 c5 7.
dxc5 dxc5 8. Qxd8 Rxd8 9. Bxc5 Nc6 10. Nd5 Nxd5 11. cxd5 Bxb2 12. Rb1 Bc3+ 13. Kf2 Bd4+ 14. Bxd4 Nxd4 15. Rb4 e5 16. Ne2 Nxe2 17. Bxe2 b6 18. Rc1 Bd7 19. Rc7 Kf8 20. Ba6 Ke7 21.
Ke3 Kd6 22. Rc2 f5 23. a4 h5 24.
Rbc4 Rab8 25. Bb5 Rbc8 26. Rxc8 Rxc8 27. Rxc8 Bxc8 28. Be8 f4+ 29. Kd3 g5 30. Kc3 h4 31.
h3 Bd7 32. Bxd7 Kxd7 33. Kc4 a6 34. Kb4 Kd6 35. Kc4 Kd7 36. Kc3 Kd6 37. Kb4 Kd7 38. Kc4 Kd6 39. Kb4 Kd7 40. Kc4 Kd6 41. Kb4 1/2-1/2

[Event "Early-Titled-Tuesday-Blitz-January-30-2024"]
[Site "Chess.com"]
[Date "2024.01.30"]
[Round "4"]
[White "Jospem"]
[Black "Nemegejas"]
[Result "1-0"]
[WhiteElo "3055"]
[BlackElo "2858"]
[TimeControl "180+1"]
[EndTime "8:40:47 PST"]
[Termination "Jospem won on time"]

1. e4 c6 2. d4 d5 3. e5 Bf5 4. h4 h5 5. Bd3 Bxd3 6. Qxd3 Qa5+ 7. b4 Qa6 8. e6 Qxd3 9. cxd3 f6 10. Nc3 Nh6 11. Bf4 Nf5 12. Nf3 g6 13. O-O Bh6 14.
Bxh6 Rxh6 15. b5 Ng7 16. Rfe1 Kd8 17. Rac1 Nf5 18. bxc6 bxc6 19. Na4 Kc7 20. Nc5 a5 21. Rb1 Rh8 22. Rb7+ Kd6 23. Nd7 Rd8 24. Nde5 Rf8 25. Nxg6 Rg8 26. Nf4 Rg4 27. Nxh5 Nxd4 28. Nxd4 Rxd4 29.
Ng7 Rxd3 30. Nf5+ Kc5 31. Rxe7 Na6 32. Rf7 Re8 33. e7 Nc7 34. Ng7 Rg8 35. Ne6+ Nxe6 36.
Rxe6 Re8 37. Rf8 Rd1+ 38. Kh2 1-0

[Event "Early-Titled-Tuesday-Blitz-January-30-2024"]
[Site "Chess.com"]
[Date "2024.01.30"]
[Round "4"]
[White "Njal28"]
[Black "vladislavkovalev"]
[Result "1-0"]
[WhiteElo "3050"]
[BlackElo "2858"]
[TimeControl "180+1"]
[EndTime "8:40:47 PST"]
[Termination "Njal28 won on time"]

1. d4 Nf6 2. c4 e6 3. Nc3 Bb4 4. e3 O-O 5. a3 Bxc3+ 6. bxc3 d6 7. Ne2 c5 8. Ng3 Nc6 9. Be2 b6 10. O-O Ba6 11. e4 h6 12. f4 Rc8 13. d5 Na5 14. e5 Ne8 15. f5 dxe5 16. fxe6 fxe6 17. Bg4 Rxf1+ 18. Qxf1 Nc7 19. dxe6 Qe8 20. Bxh6 Bxc4 21. Qf7+ Qxf7 22. exf7+ Kxf7 23. Bxc8 gxh6 24. Nf5 Kf6 25. Ne3 Bd3 26. Ng4+ Ke7 27. Nxe5 Bb5 28. Re1 Kd6 29. Nf7+ Kd5 30. Nxh6 Kc4 31. g4 Kxc3 32. g5 Bd3 33. Bf5 Bxf5 34. Nxf5 Nd5 35. g6 Kd2 36. Re4 Nf6 37.
Re6 Nh5 38. Ng3 Nf4 39. Rd6+ 1-0

[Event "Early-Titled-Tuesday-Blitz-January-30-2024"]
[Site "Chess.com"]
[Date "2024.01.30"]
[Round "4"]
[White "Pliukha_Mikhail"]
[Black "DrCeltic"]
[Result "1-0"]
[WhiteElo "2767"]
[BlackElo "2561"]
[TimeControl "180+1"]
[EndTime "8:40:47 PST"]
[Termination "Pliukha_Mikhail won by resignation"]

1. e4 c5 2. d4 cxd4 3. Qxd4 Nc6 4. Qd3 d6 5. Nc3 Nf6 6. Nf3 g6 7. Be2 Bg7 8. O-O O-O 9. Nd5 Bg4 10. c3 Bxf3 11.
Qxf3 Rc8 12. Bg5 Ne5 13. Qe3 Nxd5 14. exd5 f6 15. Bf4 a6 16. Rfd1 Qc7 17. Qh3 f5 18. Bg5 Bf6 19. Bxf6 Rxf6 20. f4 Nc4 21. Bxc4 Qxc4 22. Rd4 Qc5 23. Re1 Rc7 24. Qe3 b5 25. h3 a5 26. a3 Rb7 27. Kh2 Rc7 28. Qd3 Kf7 29. a4 b4 30. c4 h5 31. b3 Kg7 32. Qd2 Rf7 33. Rd3 Rc8 34. Rg3 h4 35. Qb2+ Kh7 36. Rge3 Rc7 37. Qf2 Kg7 38. Qxh4 Qa7 39.
Qg5 Rf6 40. Re6 Rd7 41. Qg3 Kf7 42. R6e3 Qc5 43. Qh4 Kg7 44. Rxe7+ Rxe7 45. Rxe7+ Rf7 46. Re6 Qd4 47. Qg5 Rf6 48. Rxf6 Qxf6 49. Qxf6+ Kxf6 50. g4 1-0

[Event "Early-Titled-Tuesday-Blitz-January-30-2024"]
[Site "Chess.com"]
[Date "2024.01.30"]
[Round "4"]
[White "Onthequiet"]
[Black "ChainedDowntohell"]
[Result "1/2-1/2"]
[WhiteElo "2407"]
[BlackElo "2591"]
[TimeControl "180+1"]
[EndTime "8:40:47 PST"]
[Termination "Game drawn by repetition"]

1. d4 Nf6 2. Nf3 e6 3. a3 b6 4. Bf4 Bb7 5. Nbd2 d5 6. e3 Bd6 7. Bg5 h6 8. Bh4 O-O 9. Ne5 Be7 10. Be2 c5 11. c3 Nbd7 12. f4 Ne4 13. Bxe7 Qxe7 14.
Nxe4 Nxe5 15. fxe5 dxe4 16. O-O Rad8 17. Qa4 Bd5 18.
b4 cxd4 19. cxd4 Rc8 20. Rac1 Qg5 21. Kf2 Rxc1 22. Rxc1 f6 23. Qxa7 fxe5+ 24. Ke1 Qxe3 25. Rc7 Qg1+ 26. Kd2 Qxd4+ 27. Ke1 Qa1+ 28. Kd2 e3+ 29.
Kc2 Be4+ 30. Kb3 Qb1+ 31. Ka4 Ra8 32. Rxg7+ Kh8 33. Rh7+ Kg8 34. Rg7+ Kh8 35. Rh7+ Kg8 36. Rg7+ 1/2-1/2

[Event "Early-Titled-Tuesday-Blitz-January-30-2024"]
[Site "Chess.com"]
[Date "2024.01.30"]
[Round "4"]
[White "mbchess97"]
[Black "Mackster23"]
[Result "0-1"]
[WhiteElo "2376"]
[BlackElo "2676"]
[TimeControl "180+1"]
[EndTime "8:40:49 PST"]
[Termination "Mackster23 won on time"]

1. c4 Nf6 2. g3 e6 3. Bg2 d5 4. Nc3 Be7 5. Nf3 d4 6. Nb5 c5 7. d3 a6 8. Na3 Nc6 9. Bf4 O-O 10. O-O Nh5 11. Bd2 e5 12. Nc2 f5 13.
e4 Nf6 14. exf5 Bxf5 15. Qe2 Bd6 16. Nh4 Bg4 17. f3 Bd7 18. f4 exf4 19. Bxf4 Bxf4 20. gxf4 Bg4 21. Nf3 Qd6 22. h3 Bh5 23. Rae1 Qxf4 24. Qd1 Rae8 25. Qb1 Qg3 26. b4 Nd7 27. bxc5 Nxc5 28. Ncxd4 Nxd4 29. Nxd4 Nxd3 30. Rxf8+ Rxf8 0-1

[Event "Early-Titled-Tuesday-Blitz-January-30-2024"]
[Site "Chess.com"]
[Date "2024.01.30"]
[Round "4"]
[White "ozates"]
[Black "Savagelittlemole"]
[Result "0-1"]
[WhiteElo "2640"]
[BlackElo "2486"]
[TimeControl "180+1"]
[EndTime "8:40:50 PST"]
[Termination "Savagelittlemole won by resignation"]

1. e4 c5 2. Nf3 d6 3. Bb5+ Nd7 4.
O-O a6 5. Bd3 g6 6. c3 Bg7 7. Bc2 Ngf6 8. d4 cxd4 9. cxd4 O-O 10. Nc3 e5 11. a4 exd4 12. Nxd4 Nc5 13. b4 Ne6 14. Be3 Ng4 15. Bb3 Nxe3 16. fxe3 Kh8 17.
Nd5 Bd7 18. a5 Rc8 19. Qd2 Bb5 20. Rfc1 Qg5 21. Rxc8 Rxc8 22. Rd1 Bc4 23. Bxc4 Rxc4 24.
Nb6 Nxd4 25. exd4 Bxd4+ 26. Kf1 Qf6+ 27. Ke2 Qf2+ 28. Kd3 Rc3+ 29. Qxc3 Bxc3 30. Kxc3 Qxg2 31. Rxd6 Qxe4 32. Rd4 Qe5 33. Kc4 Qxh2 34. Rd7 Qg2 35. Kc5 Qc6+ 36. Kd4 Kg7 37. Rd5 h5 38. Nc4 Qf6+ 39.
Ne5 h4 40. Rd7 Qf2+ 41. Kd5 h3 0-1

[Event "Early-Titled-Tuesday-Blitz-January-30-2024"]
[Site "Chess.com"]
[Date "2024.01.30"]
[Round "4"]
[White "Kiborg95"]
[Black "Sanan_Sjugirov"]
[Result "1-0"]
[WhiteElo "2854"]
[BlackElo "2996"]
[TimeControl "180+1"]
[EndTime "8:40:51 PST"]
[Termination "Kiborg95 won on time"]

1. e4 c5 2. Nc3 Nc6 3. Nge2 g6 4. d4 cxd4 5. Nxd4 Bg7 6. Be3 Nf6 7. Bc4 O-O 8. Bb3 d6 9. f3 Qa5 10. Qd2 Nxd4 11. Bxd4 b5 12. O-O-O Be6 13. Kb1 b4 14. Nd5 Bxd5 15. exd5 Qb5 16. Qd3 Qb7 17. Rhe1 Qd7 18. Qa6 Rfc8 19. Ba4 Qc7 20. Bc6 Nxd5 21. Bxg7 Qxc6 22.
Qxc6 Rxc6 23. Rxd5 Kxg7 24. Rxe7 Rac8 25. Rd2 a5 26. Ra7 Rc5 27. Ra6 Re8 28. b3 Re6 29.
Raxd6 Re1+ 30. Kb2 Ree5 31. a3 bxa3+ 32. Kxa3 h5 33.
c4 Re3 34. R6d3 Re1 35. Rd5 Rc8 36. Rxa5 Rb8 37. Rb5 Rbe8 38. Kb4 h4 39. h3 Kf6 40.
Rbd5 Rb8+ 41. Rb5 Rbe8 42. Rc2 Rd1 43. c5 Rd4+ 44. Kc3 Red8 45. c6 Rd3+ 46. Kb2 R3d6 47. c7 1-0

[Event "Early-Titled-Tuesday-Blitz-January-30-2024"]
[Site "Chess.com"]
[Date "2024.01.30"]
[Round "4"]
[White "giovannibrandao7"]
[Black "LornerAcosta"]
[Result "0-1"]
[WhiteElo "2146"]
[BlackElo "2394"]
[TimeControl "180+1"]
[EndTime "8:40:52 PST"]
[Termination "LornerAcosta won on time"]

1. e4 c5 2. Nf3 Nc6 3. Bb5 e6 4. O-O Nge7 5. Re1 a6 6. Bxc6 Nxc6 7. c3 d5 8. exd5 Qxd5 9. d4 Be7 10. Na3 cxd4 11.
cxd4 O-O 12. Be3 b5 13. Nb1 b4 14. Nbd2 Bb7 15. Qb3 Qh5 16. Rac1 a5 17. Qd3 Rfd8 18. Qe4 Rac8 19. Nc4 Qb5 20. Qf4 Rb8 21. b3 Qd5 22. Qg3 Ba8 23. Nce5 Nxe5 24. Nxe5 f6 25. Nd3 Bd6 26.
Qh3 Re8 27. Nf4 Bxf4 28. Bxf4 Rbd8 29. Be3 e5 30. Rc5 Qe4 31. dxe5 Rxe5 32. Rxe5 Qxe5 33. Qg3 Qd5 0-1